Map: [ESL] Goldenaura

Players

Dark - Winner!

  • Race: Zerg Zerg
  • Spawn Location: 5:00

SKillous

  • Race: Protoss Protoss
  • League: Diamond
  • Spawn Location: 12:00

Event: IEM Katowice 2024

VOD

Have the link to the VOD?

Description

Time

  • Played on: Feb. 10, 2024, 12:41 p.m.
  • Length: 14:05

All games in this series

Show
View Real Time Build Order
Export as new Build Order

Dark Zerg - Winner!

Build Orders: Hatch First, Lurkers, Roach Hydra, Swarm Host 

Get SALT Encoding   

  12  0:00  Drone  
  13  0:11  Drone  
  13  0:14  Extractor, Drone  
  15  0:37  Hatchery  
  15  0:42  Extractor, Drone  
  14  0:48  Overlord  
  15  1:04  Spawning Pool  
  15  1:08  Drone  
  15  1:11  Drone  
  16  1:15  Drone  
  17  1:28  Extractor, Drone  
  17  1:31  Drone  
  18  1:40  Drone  
  19  1:51  Queen x2  
  19  1:52  Zergling x2  
  24  1:58  Drone  
  25  2:03  Drone  
  25  2:06  Overlord  
  26  2:11  Drone  
  26  2:14  Drone  
  28  2:25  Drone x2  
  28  2:27  Queen  
  32  2:36  Drone x2  
  34  2:43  Overlord  
  34  2:48  Hatchery  
  34  2:51  Zergling x2  
  34  2:55  Drone  
  34  2:56  Drone  
  36  3:02  Queen  
  38  3:06  Drone x2  
  38  3:09  Overlord  
  40  3:14  Zergling x2  
  40  3:16  Zergling x2  
  40  3:17  Zergling x2  
  43  3:27  Metabolic Boost, Queen  
  43  3:31  Drone x2  
  47  3:35  Drone x2  
  47  3:36  Drone x2  
  51  3:47  Overlord  
  51  3:55  Spore Crawler, Queen  
  51  3:56  Spore Crawler  
  51  4:00  Drone, Queen  
  51  4:01  Drone x2  
  56  4:05  Drone  
  57  4:11  Drone x3  
  57  4:13  Drone x3  
  57  4:14  Drone  
  57  4:15  Drone  
  65  4:17  Drone  
  65  4:20  Overlord  
  66  4:24  Overlord  
  66  4:27  Overlord  
  66  4:32  Overlord  
  66  4:34  Overlord  
  66  4:39  Lair  
  66  4:40  Extractor  
  66  4:41  Drone x3  
  66  4:42  Extractor  
  66  4:44  Drone x2  
  69  4:45  Drone  
  69  4:47  Drone  
  71  4:54  Drone, Roach Warren  
  71  4:55  Evolution Chamber  
  71  4:58  Drone x3  
  73  5:00  Spore Crawler  
  73  5:04  Drone  
  73  5:06  Drone  
  73  5:16  Drone  
  73  5:17  Drone x10  
  73  5:19  Extractor  
  73  5:20  Overlord  
  83  5:22  Zerg Missile Weapons Level 1  
  83  5:26  Drone x3  
  83  5:28  Drone, Extractor  
  86  5:30  Extractor  
  86  5:32  Drone  
  86  5:35  Drone  
  86  5:38  Glial Reconstitution  
  87  5:44  Overseer  
  87  5:45  Zergling x6  
  87  5:46  Zergling x8  
  87  5:49  Hatchery  
  93  6:01  Infestation Pit  
  92  6:05  Overlord x2  
  92  6:18  Zergling x20  
  102  6:22  Overlord  
  102  6:25  Nydus Network  
  101  6:30  Roach x3  
  101  6:31  Roach x2  
  110  6:33  Overlord  
  110  6:34  Overlord  
  110  6:40  Drone x2  
  110  6:42  Swarm Host  
  110  6:43  Swarm Host x7  
  132  6:56  Swarm Host x3  
  132  6:58  Drone  
  132  6:59  Drone  
  140  7:03  Drone  
  140  7:06  Drone x5  
  146  7:08  Extractor  
  146  7:11  Nydus Canal  
  146  7:12  Extractor, Overseer  
  144  7:16  Roach x6  
  144  7:20  Roach x2  
  144  7:22  Overlord  
  158  7:26  Zerg Missile Weapons Level 2  
  158  7:44  Roach x5  
  158  7:49  Spore Crawler  
  158  7:50  Overlord x5  
  165  7:51  Hive  
  165  7:53  Drone  
  165  7:54  Nydus Canal, Hydralisk Den  
  165  8:04  Roach x2  
  167  8:10  Zergling x24  
  176  8:13  Roach x2  
  176  8:14  Roach  
  176  8:15  Nydus Canal  
  181  8:27  Lurker Den  
  177  8:37  Roach x8  
  177  8:40  Grooved Spines  
  184  8:43  Hydralisk, Hatchery  
  184  8:44  Roach  
  184  8:45  Roach  
  184  8:47  Nydus Canal  
  189  8:49  Drone x2  
  189  8:57  Hydralisk  
  189  8:58  Hydralisk x3  
  195  9:25  Hydralisk x2  
  195  9:31  Spore Crawler, Muscular Augments  
  191  9:32  Spore Crawler  
  191  9:33  Spore Crawler  
  191  9:37  Spore Crawler  
  181  9:39  Lurker x5  
  181  9:41  Hydralisk x7  
  181  9:44  Zerg Missile Weapons Level 3  
  199  9:48  Nydus Canal  
  199  10:05  Hydralisk x5  
  194  10:08  Seismic Spines  
  194  10:10  Drone x8  
  194  10:11  Drone  
  194  10:12  Hydralisk  
  188  10:16  Lurker x2  
  188  10:19  Lurker  
  187  10:22  Zergling x2  
  187  10:23  Zergling x2, Drone  
  187  10:24  Lurker  
  191  10:41  Hydralisk x3  
  191  10:42  Lurker x2  
  185  10:44  Zergling x22  
  185  10:46  Extractor x2  
  185  10:47  Spore Crawler  
  192  10:53  Lurker x2  
  193  11:03  Hydralisk x2  
  188  11:05  Adaptive Talons  
  188  11:09  Lurker x3  
  191  11:17  Nydus Canal  
  191  11:21  Zergling x10, Spine Crawler  
  191  11:22  Zergling x8, Spine Crawler  
  191  11:23  Zergling x2, Spine Crawler  
  191  11:24  Lurker  
  194  11:41  Zergling x2  
  194  11:42  Zergling x14  
  194  11:45  Nydus Canal  
  195  11:50  Hydralisk  
  195  11:51  Hydralisk x5  
  199  11:59  Nydus Canal  
  199  12:11  Hydralisk x2  
  199  12:13  Hydralisk x2  
  188  12:19  Hydralisk x9  
  188  12:22  Zergling x2, Nydus Canal  
  176  12:23  Zergling x2  
  176  12:25  Hydralisk  
  176  12:28  Lurker x2  
  176  12:29  Lurker  
  179  12:31  Hydralisk  
  181  12:37  Hydralisk  
  181  12:39  Hydralisk x2  
  181  12:42  Hydralisk  
  181  12:44  Hydralisk  
  186  12:48  Nydus Canal  
  186  12:51  Lurker x5  
  190  12:54  Drone  
  192  12:58  Lurker x2  
  192  13:00  Lurker  
  192  13:03  Nydus Canal  
  192  13:13  Lurker  
  192  13:18  Zergling x14  
  193  13:34  Zergling x4  
  180  13:46  Nydus Canal  
  195  14:02  Nydus Canal  
Show
View Real Time Build Order
Export as new Build Order

SKillous Protoss 

Build Orders: 1 Gate Expand, Oracle Opening 

Get SALT Encoding   

  12  0:00  Probe  
  13  0:12  Probe  
  14  0:18  Pylon  
  14  0:24  Probe  
  15  0:36  Probe (Chrono Boost)  
  15  0:39  Gateway  
  16  0:46  Probe (Chrono Boost)  
  17  0:50  Assimilator  
  17  0:51  Probe  
  18  1:04  Probe  
  19  1:16  Probe  
  20  1:27  Nexus  
  20  1:38  Cybernetics Core  
  20  1:42  Probe  
  21  1:48  Assimilator  
  21  1:54  Probe  
  22  1:57  Pylon  
  22  2:06  Probe  
  23  2:12  Adept (Chrono Boost)  
  25  2:18  Probe  
  25  2:19  Stargate  
  26  2:28  Warp Gate  
  26  2:32  Probe (Chrono Boost)  
  26  2:35  Adept  
  29  2:39  Probe (Chrono Boost)  
  31  2:48  Probe x2 (Chrono Boost)  
  32  2:53  Probe (Chrono Boost)  
  32  2:54  Probe  
  34  3:01  Oracle (Chrono Boost)  
  39  3:05  Probe  
  39  3:06  Probe  
  39  3:10  Pylon  
  41  3:18  Probe x2  
  43  3:29  Oracle (Chrono Boost)  
  43  3:30  Probe  
  43  3:31  Probe  
  46  3:38  Nexus  
  46  3:42  Probe  
  46  3:43  Pylon  
  47  3:49  Probe  
  47  3:54  Gateway, Probe  
  49  3:59  Oracle  
  52  4:05  Shield Battery  
  52  4:07  Probe (Chrono Boost)  
  52  4:08  Probe (Chrono Boost)  
  52  4:09  Assimilator  
  54  4:12  Assimilator  
  55  4:17  Twilight Council  
  55  4:18  Probe (Chrono Boost)  
  55  4:23  Forge  
  55  4:24  Probe (Chrono Boost)  
  56  4:25  Probe (Chrono Boost)  
  56  4:30  Probe  
  58  4:32  Probe  
  59  4:43  Probe (Chrono Boost)  
  59  4:44  Gateway  
  61  4:46  Gateway, Probe (Chrono Boost)  
  61  4:51  Pylon, Probe (Chrono Boost)  
  62  4:57  Blink  
  62  4:58  Protoss Ground Weapons Level 1 (Chrono Boost)  
  64  5:00  Probe x2 (Chrono Boost)  
  64  5:01  Probe (Chrono Boost)  
  66  5:08  Probe (Chrono Boost)  
  66  5:12  Probe (Chrono Boost)  
  66  5:13  Templar Archives  
  65  5:16  Assimilator  
  65  5:17  Assimilator  
  65  5:18  Probe x2 (Chrono Boost)  
  67  5:22  Probe (Chrono Boost)  
  67  5:24  Gateway  
  67  5:25  Gateway  
  69  5:30  Probe x3 (Chrono Boost)  
  69  5:32  Stalker  
  72  5:35  Probe  
  72  5:38  Probe  
  72  5:39  Probe  
  72  5:41  Pylon  
  75  5:47  Stalker x2  
  75  5:48  Probe  
  80  5:51  Probe  
  80  5:52  Psionic Storm  
  81  5:57  Pylon  
  81  5:58  Probe  
  81  6:00  Probe  
  81  6:03  Stalker x2, Probe  
  88  6:14  Stalker x2  
  92  6:20  Gateway  
  92  6:21  Pylon  
  92  6:22  Gateway  
  92  6:25  High Templar x2  
  92  6:29  Gateway  
  96  6:33  Stalker x2  
  96  6:39  Nexus  
  100  6:41  Pylon  
  100  6:44  Pylon  
  100  6:47  Stalker x2  
  100  7:02  High Templar x4, Shield Battery  
  100  7:03  Photon Cannon  
  108  7:09  Shield Battery  
  108  7:12  Protoss Ground Weapons Level 2 (Chrono Boost)  
  108  7:13  Stalker x2  
  112  7:17  Gateway  
  112  7:24  Photon Cannon  
  112  7:26  Shield Battery  
  112  7:28  Stalker x3  
  118  7:31  Shield Battery  
  118  7:33  Pylon  
  118  7:35  Probe  
  119  7:37  Shield Battery  
  119  7:44  Probe x2  
  116  7:45  Pylon  
  116  7:47  Robotics Facility  
  116  7:49  Robotics Facility  
  116  7:50  Probe  
  116  7:51  Robotics Facility, Probe  
  112  8:00  Stalker  
  112  8:01  Stalker x2  
  118  8:06  Pylon  
  118  8:07  Photon Cannon  
  118  8:08  Probe x2  
  120  8:17  Stalker x3  
  127  8:20  Probe  
  127  8:25  Stalker x3  
  127  8:34  Immortal (Chrono Boost)  
  127  8:35  Immortal (Chrono Boost)  
  135  8:43  Immortal (Chrono Boost)  
  135  8:47  Pylon  
  139  8:49  Pylon  
  139  8:50  Pylon  
  139  9:04  Immortal (Chrono Boost)  
  139  9:07  Pylon  
  147  9:13  Immortal (Chrono Boost)  
  147  9:16  Immortal (Chrono Boost)  
  150  9:27  Protoss Ground Weapons Level 3  
  150  9:28  Pylon  
  150  9:30  Pylon  
  148  9:32  Pylon  
  148  9:39  Pylon  
  148  9:46  Shield Battery  
  148  9:48  Nexus, Photon Cannon  
  148  9:49  High Templar x3  
  148  9:50  High Templar  
  151  10:07  Stalker x6  
  151  10:12  Pylon  
  162  10:26  Warp Prism (Chrono Boost)  
  164  10:30  Pylon x2  
  162  10:40  Archon  
  156  10:46  Observer (Chrono Boost)  
  156  10:47  Observer (Chrono Boost)  
  156  10:49  Nexus  
  158  10:52  Pylon  
  158  10:57  Photon Cannon  
  158  10:58  Observer  
  155  11:05  Observer  
  155  11:06  High Templar  
  155  11:07  High Templar x3  
  155  11:09  Probe x2  
  155  11:10  Probe  
  167  11:20  Observer  
  167  11:21  Probe  
  167  11:22  Probe  
  170  11:26  Nexus  
  170  11:27  Pylon, Stalker x2  
  170  11:28  Stalker  
  170  11:31  Probe  
  177  11:34  Probe  
  174  11:53  Zealot x2  
  174  11:54  Zealot x7  
  184  11:55  Charge (Chrono Boost)  
  184  12:05  Fleet Beacon  
  153  12:20  Zealot x7  
  141  12:23  Stalker  
  140  12:30  Probe x3  
  140  12:31  Assimilator  
  140  12:33  Assimilator  
  140  12:35  Stargate  
  138  12:42  Immortal  
  138  12:43  Probe  
  141  12:47  High Templar x5  
  151  12:56  Stalker x2  
  151  12:57  Shield Battery  
  155  13:05  Zealot  
  156  13:17  Zealot x2  
  170  13:33  Zealot x4  
  154  13:41  Pylon  
  154  13:43  Zealot x3  
  154  13:46  Archon, Probe  
  154  13:47  Probe  
  104  13:57  Zealot x3  

Tags
 
Add a new tag
Caveats
  • Supply blocks, unpowered buildings, or Contaminate may cause inaccurate times.
  • Supply counts are checked every 10 seconds.